 Dungeon Crawl Stone Soup version 0.17-a0-2073-gde5cdba (webtiles) character file.

3411 st0uf the Disciple (level 9, -5/57 HPs)
             Began as a Mummy Wizard on Oct 15, 2015.
             Was an Initiate of Sif Muna.
             Killed from afar by an electric eel (9 damage)
             ... with a bolt of electricity
             ... on level 8 of the Dungeon.
             The game lasted 01:24:16 (13358 turns).

st0uf the Disciple (Mummy Wizard)                  Turns: 13358, Time: 01:24:16

Health: -5/57      AC: 10    Str: 11    XL:     9   Next: 76%
Magic:  16/20      EV: 15    Int: 20    God:    Sif Muna [......]
Gold:   385        SH:  0    Dex: 10    Spells: 3 memorised, 16 levels left

rFire  x . .     SeeInvis .     (no weapon)
rCold  + . .     Clarity  .     a - +0 robe
rNeg   + + +     SustAt   .     (no shield)
rPois  ∞         Gourm    .     k - +2 helmet
rElec  .         Spirit   .     u - +0 cloak
rCorr  .         Warding  .     g - +0 pair of gloves
rMut   .         Stasis   .     (no boots)
MR     +....                    i - amulet of regeneration
Stlth  ++........               q - +3 ring of evasion
                                h - +3 ring of protection

@: somewhat resistant to hostile enchantments, unstealthy
A: no food or potions, fire vulnerability, cold resistance 1, negative energy
resistance 3, torment resistance, unbreathing
a: Renounce Religion


You were on level 8 of the Dungeon.
You worshipped Sif Muna.
Sif Muna was noncommittal.
You were not hungry.

You visited 2 branches of the dungeon, and saw 9 of its levels.

You collected 385 gold pieces.

Inventory:

Missiles
 l - a throwing net (quivered)
Armour
 a - a +0 robe (worn)
 b - a +0 hat
 g - a +0 pair of gloves (worn)
 k - a +2 helmet (worn)
 u - a +0 cloak (worn)
 z - a +0 shield
Jewellery
 h - a +3 ring of protection (left hand)
 i - an amulet of regeneration (around neck)
 q - a +3 ring of evasion (right hand)
 r - an uncursed amulet of stasis
 y - a +4 ring of dexterity {unknown}
 C - an uncursed ring of magical power {unknown}
Wands
 t - a wand of invisibility (5)
 v - a wand of fireball (6)
 A - a wand of heal wounds (4)
 D - a wand of disintegration (12)
Scrolls
 d - 5 scrolls of teleportation
 e - a scroll of enchant weapon
 f - 8 scrolls of identify {unknown}
 j - 3 scrolls of enchant armour {unknown}
 m - a scroll of fog {unknown}
 n - 5 scrolls of remove curse {unknown}
 o - 3 scrolls of immolation {unknown}
 p - a scroll of blinking {unknown}
 s - 2 scrolls of amnesia {unknown}
 w - a scroll of magic mapping {unknown}
 x - a scroll of summoning {unknown}
Books
 c - a book of Minor Magic

   Spells                             Type                      Level
   a - Magic Dart                     Conjuration                  1
   b - Blink                          Translocation                2
   c - Call Imp                       Summoning                    2
   d - Repel Missiles                 Charms/Air                   2
   e - Slow                           Hexes                        2
   f - Conjure Flame                  Conjuration/Fire             3
   g - Mephitic Cloud                 Conjuration/Poison/Air       3
 B - a book of Conjurations

   Spells                             Type                      Level
   a - Magic Dart                     Conjuration                  1
   b - Searing Ray                    Conjuration                  2
   c - Dazzling Spray                 Conjuration/Hexes            3
   d - Fulminant Prism                Conjuration/Hexes            4
   e - Iskenderun's Mystic Blast      Conjuration                  4
   f - Iskenderun's Battlesphere      Conjuration/Charms           5


   Skills:
 - Level 1.5 Dodging
 - Level 1.5 Stealth
 - Level 7.5 Spellcasting
 - Level 6.5 Conjurations
   Level 0.7 Summonings
   Level 0.7 Translocations
 + Level 7.9 Invocations


You had 16 spell levels left.
You knew the following spells:

 Your Spells              Type           Power        Failure   Level  Hunger
a - Magic Dart            Conj           ####         1%          1    N/A
b - Mephitic Cloud        Conj/Pois/Air  ###.....     12%         3    N/A
c - Conjure Flame         Conj/Fire      ###.....     10%         3    N/A

Dungeon Overview and Level Annotations

Branches:
Dungeon (8/15)             Temple (1/1) D:6            Lair (0/8) D:8

Altars:
Ashenzari
Cheibriados
Dithmenos
Elyvilon
Fedhas
Gozag
Kikubaaqudgha
Makhleb
Nemelex Xobeh
Okawaru
Qazlal
Sif Muna
Trog
Vehumet
Xom
Yredelemnul
Zin
The Shining One

Shops:
D:5 %


Innate Abilities, Weirdness & Mutations

You do not eat or drink.
Your flesh is vulnerable to fire.
You are immune to poison.
Your flesh is cold resistant.
You are immune to negative energy.
You are immune to unholy pain and torment.
You can survive without breathing.


Message History

Aim: an electric eel (water, heavily wounded)
The magic dart hits the electric eel.
The electric eel is heavily wounded.
Casting: Magic Dart
Confirm with . or Enter, or press ? or * to list all spells.
Aiming: Magic Dart
Press: ? - help, Shift-Dir - straight line, f/p - electric eel
Aim: an electric eel (water, heavily wounded)
The magic dart hits the electric eel.
The electric eel is severely wounded.
The electric eel shoots out a bolt of lightning at you!
The bolt of electricity hits you!
* * * LOW HITPOINT WARNING * * *
The bolt of electricity hits you!
* * * LOW HITPOINT WARNING * * *
The bolt of electricity hits the electric eel.
The electric eel completely resists.
The electric eel shoots out a bolt of lightning at you!
The bolt of electricity hits you!
You die...

#.####[#####
#.)........#
#...>......#
...........######
##..............#
#####.########.# #.#
#####.## #.#
#......#
#≈≈≈≈≈≈≈≈###@##
#≈≈≈≈≈≈≈≈;≈≈#..#
#≈≈≈######≈≈≈;#.##
#≈≈≈# ...##8≈≈≈..#
#≈≈# ....##.≈≈≈.#
#≈≈#.. ##..#8.≈≈≈#
#≈≈#. ..'...≈≈#
#≈≈#.. ..'..<≈≈#
##≈≈#..####..#8.≈≈≈#


You could see an electric eel.

Vanquished Creatures
  Pikel (D:4)
  A spriggan (D:7)
  A hippogriff (D:7)
  An orc warrior (D:8)
  2 sky beasts (D:8)
  A water moccasin (D:8)
  2 ice beasts
  2 crocodiles (D:8)
  5 ogres
  A big kobold (D:8)
  A water moccasin skeleton (D:8)
  An electric eel (D:8)
  4 wights (D:8)
  3 hounds
  A crimson imp (D:8)
  7 orc priests
  4 orc wizards
  A centaur skeleton (D:3)
  A jelly (D:5)
  Crazy Yiuf (D:4)
  2 giant frog skeletons (D:5)
  6 iguanas
  4 worker ants
  A hound skeleton (D:8)
  Robin (D:1)
  11 adders
  7 gnolls
  2 shadow imps
  3 oozes
  An adder skeleton (D:4)
  A worm (D:1)
  6 giant geckos
  43 orcs
  4 giant cockroaches
  13 goblins
  15 hobgoblins
  2 jackals (D:3)
  13 kobolds
  5 quokkas
  A ball python (D:2)
  6 bats
  A giant gecko skeleton (D:4)
  2 giant newts
  A jackal skeleton (D:5)
  13 rats
205 creatures vanquished.

Vanquished Creatures (others)
  An adder (D:4)
  34 fungi (D:8)
  4 plants (D:8)
39 creatures vanquished.

Grand Total: 244 creatures vanquished

Notes
Turn   | Place    | Note
--------------------------------------------------------------
     0 | D:1      | st0uf the Mummy Wizard began the quest for the Orb.
     0 | D:1      | Reached XP level 1. HP: 13/13 MP: 4/4
    28 | D:1      | Reached skill level 1 in Conjurations
   323 | D:1      | Reached XP level 2. HP: 16/19 MP: 1/6
  2085 | D:2      | Reached XP level 3. HP: 12/24 MP: 1/7
  2270 | D:2      | Learned a level 3 spell: Mephitic Cloud
  2274 | D:2      | Learned a level 3 spell: Conjure Flame
  2719 | D:2      | Noticed Robin
  2842 | D:1      | Killed Robin
  2905 | D:1      | Reached XP level 4. HP: 30/30 MP: 1/9
  3298 | D:2      | Reached skill level 4 in Spellcasting
  4351 | D:3      | Reached XP level 5. HP: 35/35 MP: 3/11
  5050 | D:4      | Noticed an ogre
  5058 | D:4      | Killed an ogre
  5058 | D:4      | Reached XP level 6. HP: 41/41 MP: 2/13
  5542 | D:4      | Reached skill level 5 in Spellcasting
  5948 | D:4      | Noticed Pikel
  5948 | D:4      | Noticed a slave
  5949 | D:4      | Noticed a slave
  5949 | D:4      | Noticed a slave
  5951 | D:4      | Noticed a slave
  6481 | D:4      | Killed Pikel
  6481 | D:4      | Reached skill level 6 in Spellcasting
  6481 | D:4      | Reached skill level 5 in Conjurations
  6481 | D:4      | Reached XP level 7. HP: 43/46 MP: 2/16
  6918 | D:4      | Noticed an ogre
  6935 | D:4      | Killed an ogre
  6935 | D:4      | Reached XP level 8. HP: 52/52 MP: 4/17
  7546 | D:4      | Noticed Crazy Yiuf
  7553 | D:4      | Killed Crazy Yiuf
  7618 | D:5      | Entered Level 5 of the Dungeon
  7892 | D:5      | Found Winteorr's Food Boutique.
  8107 | D:5      | Reached skill level 7 in Spellcasting
  9460 | D:6      | Found a staircase to the Ecumenical Temple.
  9482 | Temple   | Entered the Ecumenical Temple
  9490 | Temple   | Became a worshipper of Sif Muna the Loreminder
 10288 | D:7      | Reached XP level 9. HP: 57/57 MP: 10/20
 11291 | D:8      | Reached skill level 5 in Invocations
 11763 | D:8      | Noticed a rakshasa
 12955 | D:8      | Found a staircase to the Lair.
 13358 | D:8      | Killed from afar by an electric eel

Vault maps used:
D:1:      dpeg_arrival_tiny_e
D:2:      uniq_robin
D:3:      first_bread
D:4:      kennysheep_generic_room_13, uniq_pikel, uniq_crazy_yiuf_cottage
D:5:      serial_shops, shop_statue
D:6:      minmay_temple_entry_purple_smoke
D:7:      the_bakery
D:8:      due_lair_maze_entry_diamond, kennysheep_island_fort
Temple:   nicolae_temple_no_exploring_needed

Action                   |  1- 3 |  4- 6 |  7- 9 || total
-------------------------+-------+-------+-------++-------
Melee: Unarmed           |    45 |    48 |    38 ||   131
 Cast: Magic Dart        |   153 |   189 |   403 ||   745
       Mephitic Cloud    |       |    25 |    46 ||    71
       Conjure Flame     |       |     9 |    27 ||    36
  Use: Scroll            |       |       |     2 ||     2
 Stab: Confused          |       |     6 |     3 ||     9
